 Dungeon Crawl Stone Soup version 0.31-a0-743-g45f7035092 (webtiles) character file.

Game seed: 12747423360027353663

2041695 freelancePsychic the Grand Scion (level 27, 233/233 HPs)
             Began as a Demonspawn Wanderer on Sept 8, 2023.
             Was a High Priest of Hepliaklqana.
             Escaped with the Orb
             ... and 3 runes on Sept 12, 2023!
             The game lasted 01:54:08 (49875 turns).

freelancePsychic the Grand Scion (DsWn)            Turns: 49875, Time: 01:54:09

Health: 233/233    AC: 49    Str: 22 (23) XL:     27
Magic:  40/40      EV: 19    Int: 15      God:    Hepliaklqana [*****.]
Gold:   4318       SH:  0    Dex: 22      Spells: 26/26 levels left

rFire   + . .        a - +9 glaive (heavy)
rCold   + . .        (shield currently unavailable)
rNeg    . . .        l - +8 crystal plate armour
rPois   +            (helmet unavailable)
rElec   +            G - +1 cloak {rPois}
rCorr   +            R - +1 pair of gloves of Cusovvaz {rC+}
SInv    +            L - +2 pair of boots {rampage}
Will    +++..        V - amulet of Asoula {Fragile rElec Regen+ rCorr SInv} Stlth
                     W - ring "Nikhuiciph" {rF+ rCorr Dex+5 Slay+4}
HPRegen 1.38/turn    y - +5 ring of evasion
MPRegen 0.27/turn

%: rampage
@: studying Long Blades
A: reduced essence, antennae 3, hurl damnation, foul stench 3, powered by pain
3, torment resistance 1, sharp scales 3, demonic willpower, agile 1,
deterioration 1, robust 1, wild magic 1, noise suppression
0: Orb of Zot
}: 3/15 runes: decaying, slimy, gossamer
a: Hurl Damnation, Renounce Religion, Recall Ancestor, Ancestor Identity,
Transference, Idealise


You escaped.
You worshipped Hepliaklqana.
Hepliaklqana was extremely pleased with you.
You visited 10 branches of the dungeon, and saw 52 of its levels.
You also visited: Bailey, Ice Cave, Volcano and Wizlab.

You collected 7656 gold pieces.
You spent 3338 gold pieces at shops.

Inventory:

Hand Weapons
 a - a +9 heavy glaive (weapon)
 e - a +4 bardiche of freezing
Armour
 l - a +8 crystal plate armour (worn)
 G - a +1 cloak of poison resistance (worn)
 L - a +2 pair of boots of rampaging (worn)
 R - the +1 pair of gloves of Cusovvaz (worn) {rC+}
   (You bought it in a shop on level 12 of the Dungeon)

   rC+:       It protects you from cold.
 U - a scarf of resistance
Jewellery
 y - a +5 ring of evasion (right hand)
 H - the ring "Yggiusali" {Wiz rPois rC- Dex+4 Stlth+}
   (You found it in a bailey)

   [ring of wizardry]

   Wiz:       It improves your spell success rate.
   Dex+4:     It affects your dexterity (+4).
   rC-:       It makes you vulnerable to cold.
   rPois:     It protects you from poison Stlth+: It makes you more stealthy.
 I - the ring of the Scavenger {Fly rC+ rN+ Will+}
   (You bought it in a shop on level 10 of the Dungeon)

   [ring of protection from cold]

   rC+:       It protects you from cold.
   rN+:       It protects you from negative energy.
   Will+:     It increases your willpower.
   Fly:       It grants you flight.
 V - the amulet of Asoula (around neck) {Fragile rElec Regen+ rCorr SInv}
   (You found it on level 3 of the Elven Halls)

   [amulet of regeneration]

   rElec:     It insulates you from electricity.
   SInv:      It lets you see invisible.
   Regen+:    It increases your rate of health regeneration.
   rCorr:     It protects you from acid and corrosion.
   Fragile:   It will be destroyed if unequipped.
 W - the ring "Nikhuiciph" (left hand) {rF+ rCorr Dex+5 Slay+4}
   (You bought it in a shop on level 12 of the Dungeon)

   [ring of slaying]

   Dex+5:     It affects your dexterity (+5).
   Slay+4:    It affects your accuracy & damage with ranged weapons and melee
   (+4).
   rF+:       It protects you from fire.
   rCorr:     It protects you from acid and corrosion.
 X - the ring "Geadeeti" {rElec rPois Int+4 Slay-3 SInv}
   (You found it on level 15 of the Dungeon)

   [ring of see invisible]

   Int+4:     It affects your intelligence (+4).
   Slay-3:    It affects your accuracy & damage with ranged weapons and melee
   (-3).
   rElec:     It insulates you from electricity.
   rPois:     It protects you from poison SInv: It lets you see invisible.
Wands
 d - a wand of polymorph (58)
 u - a wand of charming (54)
 v - a wand of flame (139)
 F - a wand of digging (29)
 M - a wand of light (28)
 N - a wand of iceblast (36)
 S - a wand of mindburst (34)
Scrolls
 c - 25 scrolls of identify {@r1}
 h - 2 scrolls of enchant weapon
 m - 13 scrolls of teleportation {@r4}
 q - 8 scrolls of poison
 r - 8 scrolls of amnesia
 w - 7 scrolls of vulnerability
 x - 8 scrolls of fog
 D - 7 scrolls of immolation
 E - 5 scrolls of fear
 J - 4 scrolls of revelation
 Q - 4 scrolls of silence
 T - 4 scrolls of brand weapon
Potions
 b - 5 potions of brilliance
 g - 11 potions of curing {@q1}
 j - 3 potions of magic
 k - 5 potions of degeneration
 n - 5 potions of berserk rage
 o - 12 potions of mutation
 s - 7 potions of attraction
 z - a potion of resistance
 A - 6 potions of lignification
 C - 8 potions of enlightenment
 K - 3 potions of invisibility
 Z - 8 potions of ambrosia
Miscellaneous
 t - a sack of spiders (inert)
 O - a lightning rod (4/4)
 P - a condenser vane
 Y - a phial of floods (inert)


   Skills:
 + Level 22.6 Fighting
 - Level 3.1(13.4) Axes
 - Level 19.9(20.0) Polearms
 - Level 22.0 Armour
 - Level 15.4 Dodging
 - Level 1.1 Stealth
 - Level 1.7 Unarmed Combat
 O Level 27 Invocations
 - Level 17.0 Evocations


You had 26 spell levels left.
You didn't know any spells.
Your spell library contained the following spells:

 Spells                   Type           Power      Damage    Failure   Level
 Apportation              Tloc           0%         N/A       99%         1
 Sandblast                Erth           0%         2d4       99%         1
 Slow                     Hex            0%         N/A       99%         1
 Sting                    Tmut/Pois      0%         1d3       99%         1
 Summon Small Mammal      Summ           0%         N/A       99%         1
 Blink                    Tloc           0%         N/A       100%        2
 Cigotuvi's Dreadful Rot  Necr/Pois/Air  0%         N/A       100%        2
 Jinxbite                 Hex            0%         N/A       100%        2
 Lesser Beckoning         Tloc           0%         N/A       100%        2
 Momentum Strike          Conj/Tloc      0%         3d8       100%        2
 Passwall                 Tmut/Erth      0%         N/A       100%        2
 Poisonous Vapours        Pois/Air       0%         N/A       100%        2
 Scorch                   Fire           0%         2d5       100%        2
 Static Discharge         Conj/Air       0%         2-2/arc   100%        2
 Sublimation of Blood     Necr           0%         N/A       100%        2
 Call Canine Familiar     Summ           0%         N/A       100%        3
 Dazzling Flash           Conj/Hex       0%         N/A       100%        3
 Gell's Gravitas          Tloc           0%         N/A       100%        3
 Ignite Poison            Fire/Tmut/Pois 0%         N/A       100%        3
 Inner Flame              Hex/Fire       0%         N/A       100%        3
 Mephitic Cloud           Conj/Pois/Air  0%         N/A       100%        3
 Sigil of Binding         Hex            0%         N/A       100%        3
 Stone Arrow              Conj/Erth      0%         3d7       100%        3
 Summon Guardian Golem    Hex/Summ       0%         N/A       100%        3
 Teleport Other           Tloc           0%         N/A       100%        3
 Tukima's Dance           Hex            0%         N/A       100%        3
 Airstrike                Air            0%         2d(0-16)  100%        4
 Animate Armour           Summ/Erth      0%         N/A       100%        4
 Dimensional Bullseye     Hex/Tloc       0%         N/A       100%        4
 Dispel Undead            Necr           0%         3d6       100%        4
 Flame Wave               Conj/Fire      0%         2d4       100%        4
 Iskenderun's Mystic Bla  Conj/Tloc      0%         2d3       100%        4
 Leda's Liquefaction      Hex/Erth       0%         N/A       100%        4
 Olgreb's Toxic Radiance  Pois           0%         N/A       100%        4
 Passage of Golubria      Tloc           0%         N/A       100%        4
 Petrify                  Tmut/Erth      0%         N/A       100%        4
 Sticky Flame             Conj/Fire      0%         2d3       100%        4
 Summon Lightning Spire   Summ/Air       0%         N/A       100%        4
 Vhi's Electric Charge    Tloc/Air       0%         N/A       100%        4
 Agony                    Necr           0%         N/A       100%        5
 Alistair's Intoxication  Tmut/Pois      0%         N/A       100%        5
 Arcjolt                  Conj/Air       0%         1d10      100%        5
 Fireball                 Conj/Fire      0%         3d3       100%        5
 Freezing Cloud           Conj/Ice/Air   0%         6-21      100%        5
 Irradiate                Conj/Tmut      0%         3d11      100%        5
 Iskenderun's Battlesphe  Conj           0%         2d6       100%        5
 Lee's Rapid Deconstruct  Erth           0%         3d4*      100%        5
 Silence                  Hex/Air        0%         N/A       100%        5
 Summon Forest            Summ/Tloc      0%         N/A       100%        5
 Summon Mana Viper        Hex/Summ       0%         N/A       100%        5
 Yara's Violent Unravell  Hex/Tmut       0%         3d3       100%        5
 Conjure Ball Lightning   Conj/Air       0%         3x3d6     100%        6
 Death Channel            Necr           0%         N/A       100%        6
 Dispersal                Tloc           0%         N/A       100%        6
 Eringya's Noxious Bog    Tmut/Pois      0%         4d6       100%        6
 Plasma Beam              Fire/Air       0%         2x1d10    100%        6
 Summon Cactus Giant      Summ           0%         N/A       100%        6
 Orb of Destruction       Conj           0%         9d5       100%        7
 Summon Hydra             Summ           0%         N/A       100%        7
 Discord                  Hex            0%         N/A       100%        8
 Disjunction              Tloc           0%         N/A       100%        8
 Ignition                 Fire           0%         3d3       100%        8
 Maxwell's Capacitive Co  Air            0%         ∞         100%        8
 Chain Lightning          Conj/Air       0%         N/A       100%        9
 Fire Storm               Conj/Fire      0%         5d1       100%        9


Dungeon Overview and Level Annotations

Branches:
Dungeon (15/15)            Temple (0/1) D:6            Lair (5/5) D:10
  Swamp (4/4) Lair:2       Spider (4/4) Lair:3        Slime (5/5) Lair:4
    Orc (2/2) D:12            Elf (3/3) Orc:2        Vaults (4/5) D:13
  Crypt (0/3) Vaults:3     Depths (4/4) D:15            Zot (5/5) Depths:4
 Bailey (visited)           IceCv (visited)         Volcano (visited)
 WizLab (visited)

Altars:
Ashenzari
Cheibriados
Fedhas
Hepliaklqana
Kikubaaqudgha
Nemelex Xobeh
Qazlal
Ru
Trog
Vehumet
Wu Jian
Xom
Yredelemnul

Shops:
D:1 *   D:6 :   D:10 =   D:11 [   D:12 [:[=   Orc:2 [**(=   Elf:1 *   Elf:2 :
Vaults:1 ***(   Vaults:2 *   Depths:1 =   Depths:2 =::

Portals:
Hell: Depths:1 Depths:2 Depths:3 Depths:4
Abyss: Depths:3 Depths:4
Pandemonium: Depths:1 Depths:2
Ziggurat: Depths:4
Trove: Depths:3 (give 15 potions of curing)

Annotations:
Elf:3 3 runed translucent doors, bungle's ghost, adept MiBe


Innate Abilities, Weirdness & Mutations

Your life essence is reduced to manifest your ancestor. (-10% HP)
You have a pair of large antennae on your head. (SInv)
You can hurl damnation.
You frequently emit foul miasma when damaged in melee.
You are powered by pain.
You are resistant to unholy torment.
You are completely covered in razor-sharp scales. (AC +3, Slay +3)
You punish those that try to bend your will. (Will+)
You are agile. (Dex +4, Str/Int -1)
Your body sometimes deteriorates upon taking damage.
You are robust. (+10% HP)
Your spells are a little harder to cast, but a little more powerful.
You passively dampen the noise of your surroundings.


Message History

You reach to attack!
You slash the tormentor!
The tormentor is moderately wounded.
GÆl gestures wildly while chanting.
GÆl seems to speed up.
The tormentor hits you but does no damage.
The tormentor hits you.
You writhe in agony.
You slice the tormentor!!
You kill the tormentor!
No target in view!
No target in view!
HP restored.
There is a stone staircase leading up here.
You climb upwards.
There is a stone staircase leading down here.
There is a stone staircase leading up here.
You climb upwards.
There is a stone staircase leading down here.
You sense a monster nearby.
Okay, then.
There is a stone staircase leading up here.
You climb upwards.
There is a stone staircase leading down here.
Okay, then.
What level of the Dungeon? (default 3, ? - help) GÆl is no longer moving quickly.
You open the door.
There is an open door here.
You see here a +0 dagger.
There is an open door here.
There is a stone staircase leading up here.
You climb upwards.
There is a stone staircase leading down here.
You open the door.
There is an open door here.
There is an open door here.
There is a stone staircase leading up here.
You climb upwards.
There is a stone staircase leading down here.
There is a staircase leading out of the dungeon here.
You have escaped!

...##.## ####.### #....#. #####.#
#......##### ###.....# #.#
#.##.......### #........ ##'##
#............# #........
##...###.♣♣♣♣♣♣♣♣♣..# #.....>..
##.....##.♣PP..PP..♣R# ####...##
##.......#.♣PP..P...♣.# #...#
#..........♣..PP.R.P♣.######...##
+.......†..♣..P.@.PP♣............
#..........♣PP...P..♣.######...##
##.......#.♣P...PP..♣.# ##.##
##......#.♣...P..PP♣.# ####.#
##...#...♣..PP..PP♣.# #....#
##'####..♣♣♣♣♣♣♣♣♣.# #.#### #.#
#............####.###### #.#
######.########......... ##.##
#.# #.#.##..##


You could see the friendly GÆl the battlemage.

Vanquished Creatures
  the Royal Jelly (Slime:5)
  3 orbs of fire (Zot:5)
  Sojobo (Vaults:4)
  3 Killer Klowns
  A caustic shrike (Depths:3)
  Nikola (Spider:1)
  2 pandemonium lords
  6 golden dragons
  2 electric golems
  15 tentacled monstrosities
  A walking crystal tome (Depths:4)
  12 Orb Guardians
  6 liches
  Asterion (Spider:3)
  The ghost of bakla the Brawler, an adept TrSh of Wu Jian (Elf:2)
  A walking earthen tome (Depths:3)
  6 quicksilver dragons
  A titan (Depths:3)
  A deep elf master archer (Elf:3)
  9 acid blobs
  4 deep elf blademasters
  2 sphinxes (Vaults:2)
  Frances (D:13)
  Kirke (Swamp:1)
  3 tengu reavers
  10 death cobs
  4 thorn hunters
  3 shadow dragons
  Donald (Spider:2)
  2 fire giants
  8 storm dragons
  5 draconian monks
  3 rockslimes (Slime:5)
  5 draconian knights
  5 deep elf sorcerers (Elf:3)
  3 azure jellies
  A frost giant (Depths:1)
  8 vault wardens
  5 draconian scorchers
  A hydra zombie (Swamp:4)
  3 ghost moths
  5 deep elf elementalists (Elf:3)
  A spriggan defender (Depths:2)
  2 draconian shifters (Zot:3)
  7 ironbound preservers
  7 orc warlords
  2 draconian stormcallers
  3 reapers
  10 stone giants
  11 quicksilver oozes
  2 war gargoyles
  5 formless jellyfish
  7 draconian annihilators
  7 ironbound thunderhulks
  2 very ugly things (Vaults:3)
  6 vampire knights
  3 broodmothers
  4 spark wasps
  9 white draconians
  14 dire elephants
  12 black draconians
  The ghost of Wadi the Ripper, a journeyman FeCK of Jiyva (Spider:1)
  6 green draconians
  3 purple draconians
  2 pale draconians (Depths:4)
  6 deep elf demonologists
  2 bunyips
  4 deep elf annihilators
  8 yellow draconians
  Azrael (D:15)
  8 red draconians
  A green death (Depths:1)
  A crystal guardian (Vaults:2)
  5 deep elf death magi (Elf:3)
  3 shambling mangroves
  4 fire dragons
  2 mummy priests (WizLab)
  9 ettins
  4 deep elf high priests
  7 yaktaur captains
  2 jiangshi (Depths:1)
  A rakshasa (Depths:1)
  7 entropy weavers
  5 ice dragons
  7 great orbs of eyes
  5 radroaches
  A hell beast (Depths:4)
  14 vault guards
  3 alligators
  2 peacekeepers
  12 centaur warriors
  A merfolk avatar (Lair:5)
  17 hydras
  A catoblepas (Lair:2)
  4 deep troll shamans
  6 boulder beetles
  2 death knights (D:14)
  2 ironbound frosthearts
  5 two-headed ogres
  18 dancing weapons
  4 tengu warriors
  5 deep troll earth magi
  6 death yaks (Lair:5)
  A spectral emperor scorpion (Spider:1)
  7 demonic crawlers
  3 spriggan berserkers
  2 sun demons (Depths:2)
  15 deep elf knights
  A vampire mage (Depths:1)
  2 skysharks
  2 spectral ghost moths (Spider:1)
  A sixfirhy (Zot:4)
  4 pharaoh ants (Spider:3)
  52 deep trolls
  4 goliath frogs
  7 iron trolls
  2 flayed ghosts
  8 swamp dragons
  4 glowing orange brains
  2 obsidian statues (IceCv)
  A spectral spark wasp (Spider:1)
  2 steelbarb worms
  5 spriggan druids
  4 bog bodies
  5 skeletal warriors
  8 deep elf archers
  5 orb spiders
  A phantasmal warrior (Vaults:1)
  6 harpies
  7 ironbound convokers
  2 necromancers
  2 wizards
  4 spectral hydras (Swamp:4)
  A tengu zombie (WizLab)
  11 orc knights
  8 lindwurms
  21 ugly things
  19 deep elf pyromancers
  21 deep elf zephyrmancers
  7 mana vipers (Depths:2)
  5 orc sorcerers
  18 wolf spiders
  4 manticores
  A shining eye (Slime:5)
  2 oklob plants (Swamp:4)
  7 cyclopes
  19 moths of wrath
  17 vault sentinels
  5 elephants
  An ice statue (Spider:1)
  Maurice (D:8)
  2 eyes of devastation (Slime:5)
  A molten gargoyle (Volcano)
  A centaur skeleton (D:15)
  A black mamba (Lair:2)
  2 gargoyles
  2 torpor snails
  9 cane toads
  2 emperor scorpion simulacra (Spider:1)
  A spriggan zombie (WizLab)
  25 yaktaurs
  6 freezing wraiths
  6 komodo dragons
  3 rime drakes
  An efreet (D:15)
  A tormentor (D:6)
  3 tengu conjurers (D:15)
  3 golden dragon simulacra (IceCv)
  8 trolls
  2 guardian mummies (WizLab)
  A spark wasp simulacrum (Spider:1)
  A yaktaur (shapeshifter) (D:14)
  A death drake zombie (Swamp:4)
  7 meliai
  A hellwing (D:12)
  A polar bear (Lair:5)
  5 hornets
  An alligator simulacrum (IceCv)
  2 wind drakes (Lair:5)
  6 tyrant leeches
  19 blink frogs
  2 jorogumo simulacra (Spider:1)
  12 tarantellas
  A polar bear (shapeshifter) (D:15)
  2 dream sheep (Lair:3)
  2 hydra skeletons (Swamp:4)
  14 jumping spiders
  49 slime creatures
  3 wraiths
  A centaur simulacrum (D:15)
  A snapping turtle (Lair:4)
  2 spriggans (Swamp:2)
  2 air elementals (Elf:2)
  A ynoxinul (Depths:4)
  15 humans (D:13)
  A water elemental (Elf:1)
  17 culicivoras
  7 fire elementals
  21 yaks
  6 basilisks
  3 wyverns
  A hog (Swamp:1)
  A fire bat (Volcano)
  3 golden eyes (Slime:4)
  41 redbacks
  An elf skeleton (Vaults:4)
  A minotaur simulacrum (IceCv)
  5 steam dragons
  13 vampire mosquitoes
  4 acid dragons
  9 swamp worms
  4 water moccasins
  2 glowing shapeshifter zombies
  5 hydra simulacra
  A spectral blink frog (Lair:2)
  3 floating eyes
  A hell hound (D:15)
  4 swamp drakes (Swamp:4)
  A black bear (D:6)
  2 swamp dragon zombies (Swamp:4)
  22 orc warriors
  2 ice beasts
  3 ogres
  4 ettin simulacra (IceCv)
  5 wolves
  7 boggarts
  A swamp dragon skeleton (Swamp:4)
  10 centaurs
  2 spectral basilisks (Lair:2)
  4 bullfrogs
  A gnoll sergeant (D:10)
  2 earth elementals
  A scorpion (D:6)
  3 wights (D:7)
  4 killer bees (D:9)
  A vampire bat (D:9)
  An electric eel (D:10)
  A lava snake (Volcano)
  6 hounds
  6 orc priests
  2 gnoll boudas
  A sleepcap (D:6)
  An iguana (D:4)
  Natasha (thrice) (D:3)
  6 orc wizards
  11 gnolls
  13 adders
  A shadow imp (D:5)
  An ufetubus (D:5)
  2 worms (D:2)
  3 dart slugs
  31 orcs
  8 ball pythons
  2 bat skeletons (D:9)
  3 bat zombies (D:9)
  5 endoplasms
  4 giant cockroaches
  15 goblins
  7 hobgoblins
  4 quokkas
  6 bats
  3 frilled lizards
  21 kobolds
  6 rats
1448 creatures vanquished.

Vanquished Creatures (collateral kills)
  A dread lich (Zot:5)
  Mennas (Vaults:4)
  2 ancient liches
  2 orbs of fire (Zot:5)
  A royal mummy (WizLab)
  Vv (Depths:2)
  3 Killer Klowns (Zot:5)
  A caustic shrike (Depths:3)
  Saint Roka (Orc:2)
  Jory (Depths:4)
  A Tzitzimitl (Zot:5)
  An electric golem (Zot:5)
  3 pandemonium lords
  6 tentacled monstrosities
  14 Orb Guardians (Zot:5)
  A lich (Depths:2)
  A deep elf blademaster (Elf:2)
  A walking frostbound tome (Depths:3)
  9 acid blobs
  A sphinx (Depths:3)
  4 quicksilver dragons
  A tengu reaver (Vaults:4)
  A shadow dragon (Zot:5)
  3 storm dragons
  2 thorn hunters
  4 death cobs
  A draconian monk (Zot:5)
  5 frost giants
  4 azure jellies
  A balrug (Depths:2)
  A juggernaut zombie (WizLab)
  4 draconian scorchers
  An iron dragon (Depths:3)
  A fire giant (Depths:2)
  3 emperor scorpions
  3 ghost moths
  2 draconian stormcallers
  3 deep elf elementalists (Elf:3)
  A draconian shifter (Zot:1)
  A draconian annihilator (Zot:5)
  A cacodemon (Zot:4)
  6 ironbound preservers
  A war gargoyle (Vaults:3)
  3 quicksilver oozes
  3 ironbound thunderhulks
  2 very ugly things
  3 stone giants
  3 broodmothers
  3 green draconians
  6 eleionomae
  2 bunyips
  5 dire elephants
  2 black draconians
  7 red draconians
  4 purple draconians
  3 yellow draconians
  A spark wasp (Depths:3)
  4 white draconians
  5 fire dragons
  An ettin (Depths:1)
  A mummy priest (WizLab)
  4 entropy weavers
  A shambling mangrove (Swamp:1)
  A jiangshi (Depths:1)
  6 great orbs of eyes
  A jorogumo (Spider:4)
  A ghost crab (Lair:2)
  2 ice dragons
  4 vault guards
  An ironbound frostheart (Vaults:4)
  A caustic shrike simulacrum (IceCv)
  4 alligators
  An ogre mage (D:15)
  2 radroaches (Spider:3)
  4 boulder beetles
  3 hydras
  A spriggan air mage (Swamp:3)
  A two-headed ogre (D:12)
  4 centaur warriors
  3 deep troll shamans
  3 dancing weapons (Elf:2)
  An orc high priest (Orc:2)
  A tengu warrior (D:15)
  2 spriggan berserkers
  3 deep troll earth magi
  A vampire mage (Depths:2)
  6 deep elf knights
  A soul eater (Depths:1)
  A sun demon (Depths:1)
  A spectral spark wasp (Spider:1)
  A skeletal warrior (D:15)
  7 iron trolls
  2 goliath frogs
  2 skysharks
  2 sun moths
  3 pharaoh ants
  2 spriggan druids (Swamp:4)
  4 glowing orange brains
  2 swamp dragons (Swamp:4)
  14 deep trolls
  3 orb spiders
  2 deep elf archers (Elf:3)
  2 bog bodies
  6 ironbound convokers
  3 wizards
  Pikel (D:4)
  2 steelbarb worms (Spider:4)
  12 orc knights
  8 deep elf pyromancers
  4 harpies
  A shadow dragon zombie (WizLab)
  A necromancer (D:15)
  11 deep elf zephyrmancers
  10 moths of wrath
  7 ugly things
  2 wolf spiders
  An oklob plant (Swamp:4)
  3 cyclopes (D:15)
  A manticore (D:15)
  2 fire giant zombies (WizLab)
  2 orc sorcerers (Orc:2)
  3 shining eyes (Slime:5)
  2 water nymphs (Swamp:2)
  2 elephants (Lair:2)
  A rust devil (Zot:5)
  2 black mambas
  Jeremiah (D:8)
  2 torpor snails
  3 vault sentinels
  A smoke demon (Zot:5)
  A spriggan zombie (WizLab)
  4 cane toads
  10 yaktaurs
  2 tengu conjurers
  4 freezing wraiths
  4 komodo dragons
  A hydra zombie (Swamp:4)
  3 guardian mummies (WizLab)
  6 trolls
  2 meliai (Spider:4)
  Grinder (D:3)
  12 tarantellas
  A polar bear (Lair:3)
  8 hornets
  16 blink frogs
  A death drake skeleton (Swamp:4)
  A deep troll zombie (Vaults:4)
  2 dream sheep (Lair:3)
  8 jumping spiders
  26 slime creatures
  8 culicivoras
  A centaur simulacrum (D:15)
  6 spriggans
  13 yaks
  3 basilisks
  4 wraiths
  3 fire elementals
  3 hogs (Swamp:1)
  5 humans (D:13)
  3 golden eyes
  5 steam dragons
  5 vampire mosquitoes
  19 redbacks
  A warg (Orc:2)
  6 swamp worms
  An acid dragon (D:11)
  A hell hound (D:15)
  A small abomination (Depths:2)
  10 water moccasins
  2 swamp drakes (Swamp:4)
  An ogre skeleton (Vaults:4)
  13 orc warriors
  An ice beast (D:4)
  3 boggarts (Vaults:1)
  3 ogres
  3 wolves
  4 centaurs
  A kobold brigand (D:8)
  A human zombie (WizLab)
  4 bullfrogs
  2 deep troll simulacra (IceCv)
  A scorpion (D:5)
  6 killer bees (D:9)
  A howler monkey (D:7)
  2 electric eels (D:10)
  2 lava snakes (Volcano)
  A jelly (D:8)
  3 hounds
  A gnoll bouda (D:9)
  Ijyb (D:3)
  2 orc priests (D:9)
  A sleepcap (D:7)
  An iguana (D:4)
  5 orc wizards
  8 gnolls
  2 adders (Lair:1)
  2 shadow imps
  A white imp (D:8)
  A dart slug (D:4)
  18 orcs
  2 bat zombies (D:9)
  3 goblins
  4 kobolds
  A spectral weapon (Spider:3)
687 creatures vanquished.

Vanquished Creatures (others)
  3 draconian knights
  A deep elf elementalist (Elf:3)
  A deep elf annihilator (Elf:3)
  3 bloated husks (Swamp:1)
  A basilisk (D:15)
  A boggart (Vaults:2)
  A boggart zombie (D:15)
  65 battlemagi
  An ancestor (D:6)
77 creatures vanquished.

Grand Total: 2212 creatures vanquished

Notes
Turn   | Place    | Note
-------+----------+-------------------------------------------
     0 | D:1      | freelancePsychic the Demonspawn Wanderer began the quest
                  | for the Orb.
     0 | D:1      | freelancePsychic set off with the following items: a +0
                  | hand axe, 2 scrolls of fear, a potion of heal wounds {@q2},
                  | a wand of polymorph (6), a +0 leather armour.
     0 | D:1      | Reached XP level 1. HP: 13/13 MP: 1/1
    24 | D:1      | You fall into a shaft and drop 1 floor!
   217 | D:1      | Gained mutation: You are partially covered in razor-sharp
                  | scales. (AC +1, Slay +1) [demonic ancestry]
   217 | D:1      | Reached XP level 2. HP: 20/20 MP: 2/2
   333 | D:1      | Reached skill level 1 in Fighting
   333 | D:1      | Reached skill level 1 in Stealth
   354 | D:1      | Found Moilapt's Assorted Antiques.
   846 | D:1      | Reached XP level 3. HP: 24/26 MP: 3/3
  1182 | D:2      | Reached skill level 1 in Polearms
  1290 | D:2      | Found a faded altar of an unknown god.
  1371 | D:2      | Gained mutation: You may rarely emit foul miasma when
                  | damaged in melee. [demonic ancestry]
  1371 | D:2      | Reached XP level 4. HP: 33/33 MP: 4/4
  2138 | D:3      | Noticed Natasha
  2147 | D:3      | Killed Natasha
  2181 | D:3      | Noticed Natasha
  2188 | D:3      | Killed Natasha
  2189 | D:3      | Gained mutation: You sometimes gain a little power by
                  | taking damage. [demonic ancestry]
  2189 | D:3      | Reached XP level 5. HP: 34/41 MP: 5/5
  2217 | D:3      | Noticed Natasha
  2359 | D:3      | Killed Natasha
  2666 | D:3      | Noticed Ijyb
  2674 | D:3      | Killed Ijyb
  2771 | D:3      | Noticed Grinder
  2781 | D:3      | Killed Grinder
  2782 | D:3      | Gained mutation: You are mostly covered in razor-sharp
                  | scales. (AC +2, Slay +2) [demonic ancestry]
  2782 | D:3      | Reached XP level 6. HP: 48/48 MP: 6/6
  3127 | D:4      | Noticed Pikel
  3129 | D:4      | Noticed an ice beast
  3140 | D:4      | Killed an ice beast
  3141 | D:4      | Reached XP level 7. HP: 55/55 MP: 7/7
  3142 | D:4      | Killed Pikel
  3143 | D:4      | Reached skill level 5 in Fighting
  3143 | D:4      | Reached skill level 5 in Evocations
  3260 | D:4      | Gained mutation: You are completely covered in razor-sharp
                  | scales. (AC +3, Slay +3) [demonic ancestry]
  3260 | D:4      | Reached XP level 8. HP: 63/63 MP: 8/8
  3299 | D:4      | Found a hazy altar of Hepliaklqana.
  3418 | D:4      | Became a worshipper of Hepliaklqana the Forgotten
  3518 | D:4      | Reached skill level 5 in Polearms
  4131 | D:4      | Found a snail-covered altar of Cheibriados.
  4140 | D:4      | Found an ornate altar of the Wu Jian Council.
  4143 | D:4      | Found a sacrificial altar of Ru.
  4207 | D:5      | Entered Level 5 of the Dungeon
  4376 | D:1      | Bought a scroll of identify for 52 gold pieces
  4376 | D:1      | Bought a scroll of identify for 52 gold pieces
  4376 | D:1      | Bought a scroll of identify for 52 gold pieces
  4377 | D:1      | Identified a scroll of acquirement
  4379 | D:1      | Acquired 704 gold pieces
  4381 | D:1      | Bought a brass ring for 130 gold pieces
  4381 | D:1      | Bought an opal ring for 130 gold pieces
  4787 | D:5      | Reached * piety under Hepliaklqana
  5226 | D:6      | Found a staircase to the Ecumenical Temple.
  5232 | D:6      | Found Qefiex's Book Shoppe.
  5919 | D:6      | Gained mutation: You sometimes emit foul miasma when
                  | damaged in melee. [demonic ancestry]
  5919 | D:6      | Reached XP level 9. HP: 27/63 MP: 9/9
  6447 | D:6      | Reached ** piety under Hepliaklqana
  6448 | D:6      | Remembered your ancestor GÆl as a battlemage
  6694 | D:7      | Identified the +9 mace of the Demagogue {drain, *Rage rC++
                  | Stlth+}
  7204 | D:8      | Reached skill level 5 in Armour
  7269 | D:8      | Found a stormy altar of Qazlal.
  7386 | D:8      | Noticed Jeremiah
  7410 | D:8      | Killed Jeremiah
  7752 | D:8      | Noticed Maurice
  7759 | D:8      | Killed Maurice
  7760 | D:8      | Gained mutation: You have a pair of small antennae on your
                  | head. [demonic ancestry]
  7760 | D:8      | Reached XP level 10. HP: 72/72 MP: 10/10
  7829 | D:8      | Identified the +1 trident "Atixev" {heavy, *Noise rElec
                  | rF+}
  7849 | D:8      | Reached *** piety under Hepliaklqana
  7927 | D:8      | Noticed Psyche
  7929 | D:8      | Psyche changed into Psyche the wolf
  7929 | D:8      | Noticed Psyche
  7932 | D:8      | Killed Psyche the wolf
  8147 | D:9      | Found a flagged portal.
  8156 | Bailey   | Entered a bailey
  8181 | Bailey   | Noticed an orc warlord
  8236 | Bailey   | Found a runed translucent gate.
  8239 | Bailey   | Found a runed translucent gate.
  8241 | Bailey   | Found a runed translucent gate.
  8344 | Bailey   | Killed an orc warlord
  8411 | Bailey   | Identified the ring "Yggiusali" {Wiz rPois rC- Dex+4
                  | Stlth+}
  8474 | Bailey   | Acquired a +4 heavy glaive
  8629 | D:9      | Reached skill level 1 in Invocations
  8637 | D:9      | Reached skill level 2 in Invocations
  8654 | D:9      | Reached XP level 11. HP: 58/78 MP: 11/13
  8658 | D:9      | Reached skill level 3 in Invocations
  9043 | D:9      | Found an ancient bone altar of Kikubaaqudgha.
  9222 | D:10     | Entered Level 10 of the Dungeon
  9311 | D:10     | Found a bloodstained altar of Trog.
  9454 | D:10     | Found Ucwuf's Jewellery Boutique.
  9457 | D:10     | Bought the ring of the Scavenger {Fly rC+ rN+ Will+} for
                  | 614 gold pieces
  9597 | D:10     | Reached skill level 4 in Invocations
  9610 | D:10     | Found a staircase to the Lair.
 10062 | D:10     | Found a sparkling altar of Nemelex Xobeh.
 10062 | D:10     | Found a shimmering altar of Xom.
 10134 | D:11     | Reached **** piety under Hepliaklqana
 10215 | D:11     | Noticed a two-headed ogre
 10222 | D:11     | Killed a two-headed ogre
 10223 | D:11     | Reached skill level 5 in Invocations
 10555 | D:11     | Noticed a green ugly thing
 10563 | D:11     | Killed a green ugly thing
 10635 | D:11     | Found Qidekeus's Armour Emporium.
 10766 | D:11     | Noticed a four-headed hydra
 10773 | D:11     | Killed a four-headed hydra
 10843 | Lair:1   | Entered Level 1 of the Lair of Beasts
 10927 | Lair:1   | Reached skill level 6 in Invocations
 10937 | Lair:1   | Noticed a wolf spider
 10941 | Lair:1   | Killed a wolf spider
 11020 | Lair:1   | Gained mutation: You sometimes gain power by taking damage.
                  | [demonic ancestry]
 11020 | Lair:1   | Reached XP level 12. HP: 83/87 MP: 16/16
 11101 | Lair:1   | Reached skill level 10 in Fighting
 11166 | Lair:1   | Reached skill level 10 in Polearms
 11167 | Lair:1   | Reached skill level 7 in Invocations
 11394 | Lair:1   | Identified the +2 war axe of the Hidden Vale {spect, Contam
                  | rC+++ rN+++ Dex-3}
 11687 | Lair:2   | Reached ***** piety under Hepliaklqana
 11965 | Lair:2   | Found a staircase to the Swamp.
 11965 | Lair:2   | Noticed a ghost crab
 11975 | Lair:2   | Killed a ghost crab
 12028 | Lair:2   | Reached skill level 10 in Armour
 12276 | Lair:2   | Noticed a catoblepas
 12282 | Lair:2   | Killed a catoblepas
 12699 | Lair:3   | Gained mutation: You have a pair of antennae on your head.
                  | [demonic ancestry]
 12699 | Lair:3   | Reached XP level 13. HP: 86/95 MP: 18/18
 12812 | Lair:3   | Found a hole to the Spider Nest.
 13740 | Lair:4   | Found a dark tunnel.
 13753 | Volcano  | Entered a volcano
 13809 | Volcano  | Found a burning altar of Makhleb.
 13957 | Volcano  | Noticed a red draconian
 13968 | Volcano  | Killed a red draconian
 14473 | Lair:4   | Found a runed translucent door.
 14481 | Lair:4   | Found a staircase to the Slime Pits.
 14758 | Lair:5   | Entered Level 5 of the Lair of Beasts
 14852 | Lair:5   | Reached XP level 14. HP: 92/104 MP: 12/19
 15299 | Lair:5   | Identified the +7 trident of the Piercing Augurer {freeze,
                  | rElec rC- Stlth+}
 15308 | Lair:5   | Got Ymiqueg's Compendium of Ill-starred Debased Secrets
 15647 | Lair:5   | Acquired 541 gold pieces
 15812 | D:12     | Found a staircase to the Orcish Mines.
 16053 | D:12     | Found Reuvih's Armour Emporium.
 16067 | D:12     | Bought the +1 pair of gloves of Cusovvaz {rC+} for 258 gold
                  | pieces
 16256 | D:12     | Found Kemiykk's Book Boutique.
 16326 | D:12     | Found Kupy's Antique Armour Boutique.
 16501 | D:12     | Found Yduogh's Jewellery Shop.
 16536 | D:13     | Reached ****** piety under Hepliaklqana
 16682 | D:13     | Found a gate to the Vaults.
 16689 | D:13     | Reached skill level 15 in Polearms
 17184 | D:13     | Noticed Frances
 17198 | D:13     | Killed Frances
 17600 | D:14     | Gained mutation: You punish those that try to bend your
                  | will. (Will+) [demonic ancestry]
 17600 | D:14     | Reached XP level 15. HP: 98/111 MP: 18/20
 17766 | Orc:1    | Entered Level 1 of the Orcish Mines
 17987 | Orc:2    | Entered Level 2 of the Orcish Mines
 17992 | Orc:2    | Found Zyege's Antique Weapon Shoppe.
 18156 | Orc:2    | Noticed Saint Roka
 18167 | Orc:2    | Killed Saint Roka
 18270 | Orc:2    | Found a staircase to the Elven Halls.
 18363 | Orc:2    | Found Pideel's Assorted Antiques.
 18454 | Orc:2    | Found Yjuosang's Jewellery Boutique.
 18582 | Orc:2    | Found Valitic's General Store.
 18621 | Orc:2    | Found Vuilaekh's Antique Armour Boutique.
 18920 | D:12     | Bought the ring "Nikhuiciph" {rF+ rCorr Dex+5 Slay+4} for
                  | 1585 gold pieces
 19078 | D:14     | Reached skill level 1 in Dodging
 19702 | D:15     | Entered Level 15 of the Dungeon
 19702 | D:15     | Found a transporter.
 19729 | D:15     | Paralysed by a floating eye for 4 turns
 19877 | D:15     | Identified the ring "Geadeeti" {rElec rPois Int+4 Slay-3
                  | SInv}
 19924 | D:15     | Identified the +0 mace of the Eight Things {venom, rPois}
 19951 | D:15     | Found a transporter.
 19964 | D:15     | Noticed Azrael
 19965 | D:15     | Paralysed by a floating eye for 2 turns
 20020 | D:15     | Found a staircase to the Depths.
 20137 | D:15     | Gained mutation: You have a pair of large antennae on your
                  | head. (SInv) [demonic ancestry]
 20137 | D:15     | Reached XP level 16. HP: 62/120 MP: 21/21
 20227 | D:15     | Identified the ring "Xaoteiz" {Drain rCorr Str+4 Int+3
                  | SInv}
 20261 | D:15     | Reached skill level 15 in Fighting
 20286 | D:15     | Killed Azrael
 20373 | D:15     | Reached skill level 5 in Dodging
 20620 | D:15     | Identified the ring of Eteket {rC+ EV+5}
 20703 | D:15     | Found a sparkling altar of Nemelex Xobeh.
 20721 | D:15     | Identified the +11 sling "Xeefuaw" {flame, Fly rN+ MP-9
                  | Int+5}
 21002 | Swamp:1  | Entered Level 1 of the Swamp
 21430 | Swamp:1  | Noticed Kirke
 21439 | Swamp:1  | Killed Kirke
 22274 | Swamp:2  | Acquired a manual of Dodging
 22276 | Swamp:2  | Noticed a tentacled monstrosity
 22285 | Swamp:2  | Killed a tentacled monstrosity
 22340 | Swamp:2  | Noticed a tentacled monstrosity
 22347 | Swamp:2  | Killed a tentacled monstrosity
 22372 | Swamp:2  | Identified the +0 ring mail "Pakhyij" {Slay+3}
 22727 | Swamp:3  | Noticed a thorn hunter
 22735 | Swamp:3  | Killed a thorn hunter
 22832 | Swamp:3  | Gained mutation: You frequently emit foul miasma when
                  | damaged in melee. [demonic ancestry]
 22832 | Swamp:3  | Reached XP level 17. HP: 77/129 MP: 22/22
 23377 | Swamp:4  | Entered Level 4 of the Swamp
 23499 | Swamp:4  | Reached skill level 8 in Invocations
 23960 | Swamp:4  | Reached skill level 9 in Invocations
 23989 | Swamp:4  | Reached skill level 10 in Invocations
 24350 | Swamp:4  | Found a basalt altar of Yredelemnul.
 24389 | Swamp:4  | Found a blossoming altar of Fedhas.
 24398 | Swamp:4  | Upgraded the game from 0.31-a0-703-gcfe89afef6 to
                  | 0.31-a0-740-g87205ac768
 24613 | Swamp:4  | Got a decaying rune of Zot
 24786 | Spider:1 | Entered Level 1 of the Spider Nest
 24889 | Spider:1 | Found a frozen archway.
 24903 | IceCv    | Entered an ice cave
 24973 | IceCv    | Reached skill level 10 in Evocations
 24973 | IceCv    | Reached XP level 18. HP: 135/135 MP: 25/25
 25286 | Spider:1 | Reached skill level 10 in Dodging
 25375 | Spider:1 | Noticed Nikola
 25385 | Spider:1 | Killed Nikola
 25459 | Spider:1 | Found a runed translucent gate.
 25459 | Spider:1 | Found a runed translucent gate.
 25459 | Spider:1 | Found a runed translucent gate.
 25460 | Spider:1 | Noticed Wadi's ghost (journeyman FeCK)
 25473 | Spider:1 | Killed Wadi's ghost
 25478 | Spider:1 | Reached XP level 19. HP: 94/143 MP: 22/26
 25535 | Spider:1 | Identified the +1 ring mail of Ashenzari's Whim {Int+4}
 26038 | Spider:2 | Noticed Donald
 26044 | Spider:2 | Killed Donald
 26390 | Spider:3 | Reached XP level 20. HP: 153/153 MP: 27/27
 26544 | Spider:3 | Noticed Asterion
 26552 | Spider:3 | Killed Asterion
 27184 | Spider:4 | Entered Level 4 of the Spider Nest
 28099 | Spider:4 | Reached skill level 15 in Dodging
 28111 | Spider:4 | Got a gossamer rune of Zot
 28417 | Elf:1    | Entered Level 1 of the Elven Halls
 29256 | Elf:1    | Found Renwyesm's General Store.
 29367 | Elf:2    | Gained mutation: You are resistant to unholy torment.
                  | [demonic ancestry]
 29367 | Elf:2    | Reached XP level 21. HP: 161/162 MP: 28/28
 29470 | Elf:2    | Found a runed translucent gate.
 29470 | Elf:2    | Found a runed translucent gate.
 29471 | Elf:2    | Found a runed translucent gate.
 29493 | Elf:2    | Found a bloodstained altar of Trog.
 29586 | Elf:2    | Noticed bakla's ghost (adept TrSh)
 29748 | Elf:2    | Found a transporter.
 29750 | Elf:2    | Found a transporter.
 29785 | Elf:2    | Found Keczigil's Book Shoppe.
 29967 | Elf:2    | Identified the staff of Evisceration {rC+ Will- Str+5
                  | Earth}
 30707 | Elf:2    | Killed bakla's ghost
 30717 | Elf:2    | Identified the +0 pair of boots "Decoaku" {Str-3 Dex+3}
 30723 | Elf:2    | Got the Tractate on the Energetic Coals
 30750 | Elf:3    | Entered Level 3 of the Elven Halls
 30797 | Elf:3    | Found a runed translucent gate.
 30798 | Elf:3    | Found a runed translucent gate.
 30799 | Elf:3    | Found a runed translucent gate.
 30924 | Elf:3    | Identified the +0 robe of Limitation {rN+}
 30926 | Elf:3    | Noticed bungle's ghost (adept MiBe)
 31635 | Elf:3    | Identified the amulet of Asoula {Fragile rElec Regen+ rCorr
                  | SInv}
 31664 | Elf:3    | Identified the ring "Foxki" {rPois rC- Will++ Str+2}
 31667 | Elf:3    | Identified the staff "Murmur" {Will+ Conj}
 31675 | Elf:3    | Got Sif Muna's Writings on the Compass
 31723 | Elf:3    | Identified the ring "Tifioco" {rElec rN+ AC+4 Int-2}
 31746 | Elf:3    | Identified the +0 robe of Spring {rF+ rC+ rCorr}
 31764 | Elf:3    | Identified the +8 plate armour of Baldness {Fly Str+2
                  | Dex+2}
 32281 | Vaults:1 | Entered Level 1 of the Vaults
 32299 | Vaults:1 | Found Moada's General Store.
 32306 | Vaults:1 | Bought a potion of heal wounds for 90 gold pieces
 32306 | Vaults:1 | Bought a potion of invisibility for 144 gold pieces
 32377 | Vaults:1 | Found Tipnyjip's General Store.
 32384 | Vaults:1 | Bought a +1 cloak of poison resistance for 135 gold pieces
 32406 | Vaults:1 | Found Enoacwu's Weapon Emporium.
 32476 | Vaults:1 | Found a magical portal.
 32485 | WizLab   | Entered Doroklohe's Tomb
 32710 | WizLab   | Noticed a royal mummy
 32714 | WizLab   | Identified the +0 leather armour of the Ninety-Nine Demons
                  | {rF- Str+2 Int+2 Dex+6}
 32719 | WizLab   | Killed a royal mummy
 32853 | WizLab   | Identified the +9 plate armour of Ugif {rF+ MP+9 Str+5}
 33073 | Vaults:1 | Found Joaloed's General Store.
 33079 | Vaults:1 | Bought a potion of heal wounds for 60 gold pieces
 33079 | Vaults:1 | Bought a potion of curing for 36 gold pieces
 33147 | Vaults:1 | Reached XP level 22. HP: 161/172 MP: 29/29
 33254 | Vaults:1 | Reached skill level 15 in Armour
 34853 | Vaults:2 | Found Fanwof's Assorted Antiques.
 35817 | Vaults:3 | Gained mutation: You can hurl damnation. [demonic ancestry]
 35817 | Vaults:3 | Reached XP level 23. HP: 180/180 MP: 30/30
 35860 | Vaults:3 | Got Total Understanding of Hermetics
 36001 | Vaults:3 | Found a staircase to the Crypt.
 36645 | Vaults:4 | HP: 5/180 [yaktaur/bolt[a yaktaur captain] (14)]
 37331 | Vaults:4 | Identified the +0 scale mail of Weirdness {rF+ rC+ Regen+
                  | Str+4}
 37405 | Vaults:4 | Noticed Mennas
 37416 | Vaults:4 | Killed Mennas
 37600 | Vaults:4 | Noticed Sojobo
 37610 | Vaults:4 | Killed Sojobo
 38012 | Vaults:5 | Entered Level 5 of the Vaults
 38396 | Depths:1 | Entered Level 1 of the Depths
 38417 | Depths:1 | Found a gateway to Hell.
 38420 | Depths:1 | Found a one-way gate leading to the halls of Pandemonium.
 38581 | Depths:1 | Found Ruedaf's Jewellery Boutique.
 38632 | Depths:1 | Found a broken altar of Ashenzari.
 39090 | Depths:2 | Noticed Vv
 39102 | Depths:2 | Killed Vv
 39296 | Depths:2 | Found a runed translucent door.
 39442 | Depths:2 | Found a runed translucent door.
 39444 | Depths:2 | Reached skill level 15 in Evocations
 39504 | Depths:2 | Found Lelufaygg's Book Shop.
 39505 | Depths:2 | Found Fuisonim's Jewellery Shoppe.
 39506 | Depths:2 | Found Bodyceti's Book Shop.
 40110 | Depths:3 | Noticed a caustic shrike
 40117 | Depths:3 | Killed a caustic shrike
 40185 | Depths:3 | Found a portal to a secret trove of treasure.
 40195 | Depths:3 | Found a one-way gate to the infinite horrors of the Abyss.
 40324 | Depths:3 | Reached XP level 24. HP: 189/189 MP: 30/30
 40555 | Depths:3 | Identified the +0 pair of gloves of Privacy {rPois rC+
                  | Will- Str+4}
 40784 | Depths:3 | Identified the +5 long sword of the Pariah {antimagic,
                  | rCorr Str+3 Int+8 Dex-4}
 40796 | Depths:3 | Reached skill level 11 in Invocations
 41147 | Depths:4 | Entered Level 4 of the Depths
 41192 | Depths:4 | Reached XP level 25. HP: 195/195 MP: 31/31
 41220 | Depths:4 | Noticed Jory
 41225 | Depths:4 | Reached skill level 12 in Invocations
 41229 | Depths:4 | Killed Jory
 41721 | Depths:4 | Found a radiant altar of Vehumet.
 41778 | Depths:4 | Found a one-way gateway to a ziggurat.
 42094 | Depths:4 | Found a gate to the Realm of Zot.
 42404 | Slime:1  | Entered Level 1 of the Pits of Slime
 42467 | Slime:2  | Reached skill level 13 in Invocations
 42805 | Slime:5  | Entered Level 5 of the Pits of Slime
 42874 | Slime:5  | Gained mutation: Your spells are a little harder to cast,
                  | but a little more powerful. [a shining eye]
 42951 | Slime:5  | Noticed the Royal Jelly
 42956 | Slime:5  | Killed the Royal Jelly
 42957 | Slime:5  | Reached skill level 14 in Invocations
 43082 | Slime:5  | Got Viucruum's Anthology of the Assassin and the Wind
 43097 | Slime:5  | Identified the staff "Demonspawn's Doom" {Str+4 Conj}
 43117 | Slime:5  | Identified the ring "Buizo" {rElec SInv}
 43126 | Slime:5  | Got a slimy rune of Zot
 43127 | Slime:5  | Identified the +6 long sword of the Singing Augurer {holy,
                  | rF+ rC+ MP+9 Str+3}
 43128 | Slime:5  | Identified the +9 falchion "Ojuec" {drain, rF+ rC+}
 43130 | Slime:5  | Identified the +3 rapier "Conservator" {flame, *Slow rN++
                  | MP+9 Str+2}
 43145 | Slime:5  | Identified the amulet "Poymep" {RegenMP rC+ Int+2}
 43173 | Slime:5  | Identified the +6 scale mail of Zimoaxzo {+Blink rPois
                  | Will+}
 43594 | D:10     | Upgraded the game from 0.31-a0-740-g87205ac768 to
                  | 0.31-a0-743-g45f7035092
 43803 | Zot:1    | Entered Level 1 of the Realm of Zot
 43874 | Zot:1    | Gained mutation: You are powered by pain. [demonic
                  | ancestry]
 43874 | Zot:1    | Reached XP level 26. HP: 142/201 MP: 33/33
 44176 | Zot:1    | Identified the +1 hat of Midnight {rElec rN+}
 44890 | Zot:2    | Reached skill level 15 in Invocations
 44916 | Zot:2    | You fall into a shaft and drop 1 floor!
 45013 | Zot:3    | Reached skill level 16 in Invocations
 45231 | Zot:3    | Reached skill level 17 in Invocations
 45362 | Zot:3    | Found a shimmering altar of Xom.
 45758 | Zot:3    | Reached skill level 18 in Invocations
 46141 | Zot:2    | Reached skill level 19 in Invocations
 46588 | Zot:4    | Reached skill level 20 in Invocations
 47075 | Zot:4    | Reached skill level 21 in Invocations
 47142 | Zot:4    | Identified the +10 flail of Starshine {heavy, Dex+2}
 47383 | Zot:5    | Entered Level 5 of the Realm of Zot
 47650 | Zot:5    | Reached skill level 22 in Invocations
 47835 | Zot:5    | Reached XP level 27. HP: 207/207 MP: 38/38
 47909 | Zot:5    | Noticed an ancient lich
 47911 | Zot:5    | Noticed an orb of fire
 47913 | Zot:5    | Killed an ancient lich
 47921 | Zot:5    | Killed an orb of fire
 47922 | Zot:5    | Reached skill level 23 in Invocations
 47935 | Zot:5    | Noticed a dread lich
 47944 | Zot:5    | Killed a dread lich
 47948 | Zot:5    | Noticed an orb of fire
 47957 | Zot:5    | Killed an orb of fire
 47975 | Zot:5    | Noticed an orb of fire
 47982 | Zot:5    | Reached skill level 24 in Invocations
 47982 | Zot:5    | Gained mutation: Your body sometimes deteriorates upon
                  | taking damage. [an orb of fire]
 47983 | Zot:5    | Killed an orb of fire
 47984 | Zot:5    | Noticed an orb of fire
 48007 | Zot:5    | Noticed an orb of fire
 48015 | Zot:5    | Gained mutation: You are agile. (Dex +4, Str/Int -1) [an
                  | orb of fire]
 48440 | Zot:5    | Gained mutation: You are robust. (+10% HP) [an orb of fire]
 48441 | Zot:5    | Gained mutation: You passively dampen the noise of your
                  | surroundings. [an orb of fire]
 48444 | Zot:5    | Killed an orb of fire
 48664 | Zot:5    | Reached skill level 25 in Invocations
 48819 | Zot:5    | Reached skill level 26 in Invocations
 48841 | Zot:5    | Killed an orb of fire
 49177 | Zot:5    | Got the Orb of Zot
 49245 | Zot:5    | Noticed Omaolunev the pandemonium lord
 49254 | Zot:5    | Killed Omaolunev the pandemonium lord
 49387 | Depths:4 | Noticed Zuuczaxt the pandemonium lord
 49395 | Depths:4 | Reached skill level 27 in Invocations
 49404 | Depths:4 | Killed Zuuczaxt the pandemonium lord
 49475 | Depths:2 | Noticed Fawust Nome the pandemonium lord
 49475 | Depths:2 | Noticed an ancient lich
 49478 | Depths:2 | Killed an ancient lich
 49482 | Depths:2 | Killed Fawust Nome the pandemonium lord
 49522 | Depths:1 | Noticed Luvvoiliq the pandemonium lord
 49526 | Depths:1 | Killed Luvvoiliq the pandemonium lord
 49617 | D:12     | Noticed Hiungec the pandemonium lord
 49622 | D:12     | Killed Hiungec the pandemonium lord
 49875 | D:$      | Escaped with the Orb!

Illustrated notes

Levels and vault maps discovered:
D:1:      scummos_arrival_checkerplants, layout_loops_corners, serial_shops,
          shop
D:2:      layout_loops_corners, hellmonk_ecumenical_altar_heavens_door
D:3:      corexii_shack_village, layout_basic, minmay_checkerbox, uniq_grinder,
          uniq_ijyb, uniq_natasha
D:4:      layout_loops_ring, minitemple, nicolae_hepliaklqana_hazy_memory,
          kennysheep_generic_room_13, uniq_pikel
D:5:      layout_loops_cross
D:6:      cheibrodos_steamvent, layout_loops_corners,
          minmay_temple_entry_stoned_glass, serial_shops, shop
D:7:      layout_cave_pools, eino_tiny_chamber
D:8:      layout_basic, mainiacjoe_overflow_paths, uniq_psyche, uniq_jeremiah,
          uniq_maurice
D:9:      layout_roguey, kennysheep_vampire_church, enter_bailey_5
D:10:     layout_basic, mainiacjoe_overflow_surrounded_room,
          gammafunk_temple_overflow_wave, erik_lair_island,
          nicolae_stop_n_shop_2, nicolae_straight_to_the_point
D:11:     layout_stronghold, serial_shops, shop
D:12:     layout_loops_ring, orc_0_dummy, serial_shops,
          nicolae_shop_just_a_little_nook, nicolae_book_shop_shelving,
          kennysheep_mini_moat, shop, amcnicky_mini_rare_corridor_liquid
D:13:     layout_roguey, grunt_vaults_entry_tiered, uniq_frances
D:14:     layout_roguey, minmay_misc_feat_room, hex_large
D:15:     hangedman_spin_cycle
Lair:1:   minmay_lair_venomous_thicket, layout_regular_city
Lair:2:   layout_gridlike, nicolae_swamp_entry_spooky, serial_bayou,
          serial_bayou_pond_e, serial_bayou_pond_d, serial_bayou_pond_b,
          serial_bayou_ford_a, st_stairs_4, chequers_serial_rivers_room_a,
          serial_bayou_shore_b, infiniplex_staircase_pool
Lair:3:   layout_cave_pods, hellmonk_spider_entry_life_and_decay
Lair:4:   layout_cellular_growth, slime_entry_2,
          lightli_volcano_entry_magma_tube
Lair:5:   gammafunk_lair_ancient_temple, layout_gridlike
Swamp:1:  nicolae_swamp_long_stream, layout_basic_swamp,
          nicolae_swamp_small_spring, infiniplex_staircase_pool_2, uniq_kirke
Swamp:2:  layout_basic_swamp, evilmike_swamp_ruin_rubble_2, swamp_pool3,
          nicolae_swamp_nymph_family_reunion
Swamp:3:  layout_basic_swamp, nicolae_swamp_little_swirl, swamp_pool5
Swamp:4:  byrel_swamp_growth_death_and_undeath, layout_basic_swamp,
          statue_in_the_mist_lemuel
Spider:1: layout_spider_delve, gammafunk_ghost_necromancy,
          portal_ice_cave_entry_ice_statue_one, drop_trap, uniq_nikola
Spider:2: layout_spider_delve, uniq_donald
Spider:3: nicolae_spider_broodchamber, nicolae_spider_nooks_and_crannies,
          hangedman_spider_tarantella_strand, uniq_azrael, uniq_asterion
Spider:4: hellmonk_spider_rune_endless_swarm, drop_trap
Slime:1:  layout_caves
Slime:2:  layout_caves, nicolae_slime_phagocytosis
Slime:3:  layout_caves
Slime:4:  nicolae_slime_jelly_donut, layout_caves
Slime:5:  slime_pit_nicolae_royal_road_to_ruin
Orc:1:    layout_caves
Orc:2:    grunt_orc_gardens, layout_diamond_mine, grunt_orc_garden,
          grunt_orc_garden, grunt_orc_garden, grunt_orc_garden, serial_shops,
          nicolae_shop_gibbet_a_chance, uniq_saint_roka
Elf:1:    elf_arrival_001, layout_geoelf_grid, serial_shops, shop,
          kennysheep_underground_church
Elf:2:    elven_hall_of_blades_hangedman_original
          [nicolae_blade_entry_sentries_behind_glass], layout_gridlike,
          serial_shops, nicolae_shop_real_fake_doors,
          gammafunk_ghost_wrathful_warriors, minmay_checkered_concentric_circles
Elf:3:    minmay_elf_hall_four_x, layout_loops_corners,
          gammafunk_ghost_tricky_traps
Vaults:1: mu_enter_wizlab_4, v_misc_18, hangedman_vaults_capsules,
          nicolae_vaults_shock_wave, grunt_vaults_swirl,
          nicolae_vaults_tangram_2, ontoclasm_vaults_ligature,
          nicolae_vaults_diagonal_hallway_6, nicolae_vaults_double_plus_2,
          grunt_vaults_bifocal, nicolae_vaults_more_shelving_2, v_misc_19,
          nicolae_vaults_trapezoid_2, layout_vaults_maze_snakey, serial_shops,
          nicolae_shop_statue_plus, shop, shop, nicolae_shop_getting_attention
Vaults:2: v_misc_30, nicolae_vaults_network_s,
          nicolae_vaults_diagonal_hallway_8, grunt_vaults_funnel,
          vaults_dpeg_ring, nicolae_vaults_security_offices_1,
          ontoclasm_vaults_shuriken, v_misc_13, v_pattern_4,
          layout_vaults_chaotic_city, serial_shops, nicolae_shop_hallway_plus
Vaults:3: v_misc_11, v_alt_pattern_1, nicolae_vaults_tetromino_L_1,
          minmay_crypt_entry_simple_statues, nicolae_vaults_cochlea,
          nicolae_vaults_offset_grid_hallway_1, nicolae_vaults_trapezoid_3,
          v_rooms_4, nicolae_vaults_stepped_doors, hangedman_vaults_maws,
          nicolae_vaults_variable_pillar_hall, vaults_room_fancy_cross,
          vaults_room_semicircle, layout_vaults_ring
Vaults:4: nicolae_vaults_asterisk, v_pattern_3,
          nicolae_vaults_offset_grid_hallway_2, grunt_vaults_diagonal,
          hangedman_vaults_stitches, v_misc_5, v_misc_28,
          layout_vaults_omnigrid, uniq_sojobo, uniq_mennas
Vaults:5
Depths:1: layout_cave_shapes, hell_entry, serial_shops, nicolae_shop_trees,
          pan_entry, ashenzari_altar_1, minmay_misc_feat_enclosed,
          grunt_decor_arrowhead, evilmike_minifort
Depths:2: cheibrodos_witchhunters_guild, layout_cave_shapes, lightli_too_deep,
          pan_entry, nicolae_concentric_dashed_squares_wild, minmay_shop_grove,
          uniq_vv
Depths:3: nicolae_hexawheel, layout_gridlike, nicolae_trove_entry_crossroad,
          glass_columns_b, pf_hell_entry_great_geh, abyss_entry,
          kennysheep_two_boxes
Depths:4: evilmike_zot_entry_gauntlet, layout_cave_pools, enter_ziggurat_e,
          abyss_entry, hell_entry, vehumet_crystals, uniq_jory
Zot:1:    layout_concentric_octagons
Zot:2:    layout_misc_corridors
Zot:3:    layout_misc_corridors, basic_altar
Zot:4:    layout_twisted_circle
Zot:5:    layout_onion, st_stairs_3

Skill      XL: |  1  2  3  4  5  6  7  8  9 10 11 12 13 14 15 16 17 18 19 20 21 22 23 24 25 26 27 |
---------------+----------------------------------------------------------------------------------+-----
Fighting       | 1 2 3 4 5 6 7 8 9 11 12 13 14 15 16 18 19 20 21 22 | 22.6
Stealth        | 1 |  1.1
Axes           | 3 |  3.1
Polearms       | 1 2 3 4 5 6 7 9 11 13 15 17 18 19 | 19.9
Evocations     | 4 5 6 7 8 9 10 11 13 15 16 17 | 17.0
Armour         | 3 6 8 9 10 11 14 17 19 20 21 22 | 22.0
Invocations    | 2 6 7 10 11 14 22 27 | 27.0
Dodging        | 4 7 9 10 14 15 | 15.4
Unarmed Combat | |  1.7

Action                     |  1- 3 |  4- 6 |  7- 9 | 10-12 | 13-15 | 16-18 | 19-21 | 22-24 | 25-27 || total
---------------------------+-------+-------+-------+-------+-------+-------+-------+-------+-------++-------
  Melee: Hand axe          |    69 |       |       |       |       |       |       |       |       ||    69
         Spear             |    31 |    97 |   278 |       |       |       |       |       |       ||   406
         Punch             |       |       |     3 |     9 |     6 |       |       |       |       ||    18
         Trident           |       |       |    26 |   369 |   216 |       |       |       |       ||   611
         Unarmed           |       |       |     2 |     2 |       |       |       |       |     2 ||     6
         Glaive            |       |       |       |    66 |   422 |   476 |   620 |   817 |   806 ||  3207
 Invoke: Ancestor Identity |       |       |     1 |     1 |       |       |       |       |       ||     2
         Ancestor Life: Ba |       |       |     1 |       |       |       |       |       |       ||     1
         Recall Ancestor   |       |       |       |     3 |     3 |     2 |     1 |     1 |     8 ||    18
         Idealise          |       |       |       |     2 |     6 |     4 |     5 |     5 |    15 ||    37
         Transference      |       |       |       |       |       |     1 |       |       |       ||     1
Ability: Hurl Damnation    |       |       |       |       |       |       |       |    14 |    10 ||    24
  Evoke: Wand              |     1 |       |       |     9 |     8 |     3 |     6 |     9 |    20 ||    56
         Sack of spiders   |       |     2 |     1 |     2 |     3 |     2 |     4 |     2 |     5 ||    21
         Condenser vane    |       |       |       |       |     3 |       |     4 |     4 |     4 ||    15
         Phial of floods   |       |       |       |       |       |     1 |     1 |     1 |     3 ||     6
         Lightning rod     |       |       |       |       |       |       |       |     3 |     4 ||     7
    Use: Scroll            |     1 |     4 |     8 |    13 |    14 |    23 |    13 |     3 |    13 ||    92
         Potion            |       |       |       |       |     5 |     9 |    12 |     6 |    30 ||    62
   Stab: Sleeping          |     2 |     4 |       |       |       |       |       |       |       ||     6
         Distracted        |       |       |     2 |     4 |    12 |    13 |    13 |    27 |    26 ||    97
         Invisible         |       |       |       |       |       |     1 |    11 |       |       ||    12
         Confused          |       |       |       |       |       |       |     1 |       |     1 ||     2
         Fleeing           |       |       |       |       |       |       |       |     1 |       ||     1
         Held in net/web   |       |       |       |       |       |       |       |     1 |       ||     1
 Armour: Leather armour    |    46 |    30 |    27 |       |       |       |       |       |       ||   103
         Skin              |       |     1 |       |       |       |       |       |       |     7 ||     8
         Crystal plate arm |       |       |   165 |   385 |   870 |   742 |   599 |   868 |  1269 ||  4898
  Dodge: Dodged            |    65 |    23 |    59 |   140 |   305 |   316 |   357 |   637 |   868 ||  2770

Table legend: (Time is in decaauts)
 A = Elapsed time spent in this place.
 B = Non-inter-level travel time spent in this place.
 C = Inter-level travel time spent in this place.
 D = Time resting spent in this place.
 E = Time spent auto-exploring this place.
 F = Levels seen in this place.
 G = Mean time per level.
                   A        B        C        D        E       F      G
               +--------+--------+--------+--------+--------+-----+--------+
         Total |  50392 |  46173 |   4219 |   2107 |  33730 |  56 |  899.9 |
       Dungeon |  15306 |  13347 |   1959 |    252 |  10571 |  15 | 1020.4 |
          Lair |   5405 |   4773 |    632 |    434 |   3510 |   5 | 1081.0 |
         Swamp |   3659 |   3477 |    182 |    465 |   2264 |   4 |  914.8 |
   Spider Nest |   3190 |   3040 |    150 |    109 |   2092 |   4 |  797.5 |
    Slime Pits |   1107 |   1003 |    104 |    225 |    459 |   5 |  221.4 |
  Orcish Mines |   1191 |   1107 |     84 |    153 |    676 |   2 |  595.5 |
   Elven Halls |   3775 |   3511 |    264 |      0 |   2684 |   3 | 1258.3 |
        Vaults |   5584 |   5356 |    228 |     59 |   4018 |   5 | 1116.8 |
        Depths |   4145 |   3766 |    379 |      3 |   2908 |   4 | 1036.2 |
           Zot |   5581 |   5347 |    234 |    322 |   3759 |   5 | 1116.2 |
        Bailey |    335 |    335 |      0 |     52 |    170 |   1 |  335.0 |
      Ice Cave |    325 |    325 |      0 |      0 |    180 |   1 |  325.0 |
       Volcano |    325 |    325 |      0 |      5 |    189 |   1 |  325.0 |
        Wizlab |    458 |    458 |      0 |     28 |    246 |   1 |  458.0 |
               +--------+--------+--------+--------+--------+-----+--------+

Top non-repeatable levels by time:
Vaults:4: 1682 daAuts
Vaults:2: 1594 daAuts
   Zot:5: 1533 daAuts
  Lair:2: 1478 daAuts
   Elf:2: 1446 daAuts
 Swamp:3: 1383 daAuts
   Elf:3: 1343 daAuts
     D:6: 1310 daAuts
   Zot:4: 1304 daAuts
     D:3: 1285 daAuts
Depths:3: 1195 daAuts
Depths:4: 1188 daAuts
     D:4: 1182 daAuts
    D:13: 1178 daAuts
    D:15: 1163 daAuts
